 Dungeon Crawl Stone Soup version 0.23-a0-448-g1c01f63 (webtiles) character file.

907 Dfrag the Grave Robber (level 7, -2/60 HPs)
             Began as a Deep Dwarf Necromancer on Nov 19, 2018.
             Was a Follower of Makhleb.
             Killed from afar by an efreet (34 damage)
             ... with a fireball
             ... on level 2 of the Abyss.
             The game lasted 00:08:22 (3922 turns).

Dfrag the Grave Robber (Deep Dwarf Necromancer)     Turns: 3922, Time: 00:08:23

Health: -2/60      AC:  4    Str: 11    XL:     7   Next: 81%
Magic:  16/16      EV: 12    Int: 18    God:    Makhleb [*.....]
Gold:   211        SH:  0    Dex: 13    Spells: 13/18 levels left

rFire    . . .     SeeInvis .   (no weapon)
rCold    . . .     Gourm    .   (no shield)
rNeg     . . .     Faith    .   a - +0 robe
rPois    .         Spirit   .   (no helmet)
rElec    .         Reflect  .   v - +0 cloak
rCorr    .         Harm     .   n - +0 pair of gloves
MR       +....                  (no boots)
Stlth    ++........             u - amulet of magic regeneration
HPRegen  0.00/turn              (no ring)
MPRegen  0.40/turn              (no ring)

@: non-regenerating
A: damage resistance, heal wounds, sense surroundings 1, no regeneration
a: Heal Wounds, Renounce Religion


You were on level 2 of the Abyss.
You worshipped Makhleb.
Makhleb was aware of your devotion.
You were hungry.

You visited 1 branch of the dungeon, and saw 6 of its levels.
You visited the Abyss 1 time.

You collected 211 gold pieces.

Inventory:

Hand Weapons
 s - a +0 war axe
Missiles
 g - 72 stones (quivered)
Armour
 a - a +0 robe (worn)
 n - a +0 pair of gloves (worn)
 v - a +0 cloak (worn)
Jewellery
 u - an amulet of magic regeneration (around neck)
Wands
 j - a wand of flame (6)
Scrolls
 f - 3 scrolls of amnesia {unknown}
 k - 2 scrolls of teleportation {unknown}
 l - a scroll of blinking {unknown}
 m - 3 scrolls of identify
 o - 3 scrolls of remove curse {unknown}
 r - a scroll of magic mapping {unknown}
 t - a scroll of fear {unknown}
 w - a scroll of fog {unknown}
Potions
 b - 3 potions of heal wounds
 d - 2 potions of flight {unknown}
 e - 3 potions of agility {unknown}
 h - 4 potions of haste {unknown}
 i - 4 potions of curing {unknown}
 p - a potion of mutation {unknown}
 q - a potion of brilliance {unknown}
Comestibles
 c - 9 rations


   Skills:
 - Level 2.2 Fighting
 - Level 2.1 Dodging
 - Level 2.4 Stealth
 + Level 6.3 Spellcasting
 - Level 6.4 Necromancy
 + Level 0.0 Earth Magic


You had 13 spell levels left.
You knew the following spells:

 Your Spells              Type           Power        Failure   Level  Hunger
a - Sandblast             Erth           #.....       12%         1    None
b - Vampiric Draining     Necr           ####......   2%          3    ##.....
c - Pain                  Necr           ####         1%          1    None

Your spell library contained the following spells:

 Spells                   Type           Power        Failure   Level  Hunger
 Animate Skeleton         Necr           N/A          1%          1    None
 Animate Dead             Necr           N/A          9%          4    ####...
 Confusing Touch          Hex            #.....       12%         1    None
 Sting                    Conj/Pois      #...         12%         1    None
 Passwall                 Tmut/Erth      #.......     17%         2    None
 Confuse                  Hex            #.......     34%         3    ##.....
 Gell's Gravitas          Tloc           #.........   34%         3    ##.....
 Stone Arrow              Conj/Erth      #.....       34%         3    ##.....
 Petrify                  Tmut/Erth      #.......     75%         4    ####...
 Iskenderun's Battlesphe  Conj/Chrm      #.......     97%         5    #####..
 Lee's Rapid Deconstruct  Erth           #.........   97%         5    #####..
 Metabolic Englaciation   Hex/Ice        #.........   97%         5    #####..
 Yara's Violent Unravell  Hex/Tmut       #.........   97%         5    #####..
 Iron Shot                Conj/Erth      #.........   100%        6    #######
 Regeneration             Chrm/Necr      Unusable     N/A         3    N/A

Dungeon Overview and Level Annotations

Branches:
Dungeon (6/15)
 Temple: D:4-7

Altars:
Fedhas
Makhleb
Nemelex Xobeh
Qazlal
Vehumet
Xom
Zin


Innate Abilities, Weirdness & Mutations

You are resistant to damage.
You can heal yourself by infusing magical energy.
You passively map a small area around you.
You do not regenerate.


Message History

Killing monsters will force the Abyss to allow you passage.
This branch contains the abyssal rune of Zot.
Found a scroll labeled GUUSIM BADUAR.
Found 17 gold pieces.
Found a gateway leading deeper into the Abyss.
f - 3 scrolls labeled GUUSIM BADUAR (gained 1)
There are no items here.
There is a gateway leading deeper into the Abyss here.
A tentacled monstrosity comes into view.
Found 28 gold pieces.
Found 33 gold pieces.
Found a cloak.
You are feeling hungry.
All of the chunks of flesh in your inventory have rotted away.
An efreet comes into view.
It is wielding a +3 scimitar of flaming.
The efreet barely misses you. The efreet gestures at you.
The fireball explodes!
The fireball engulfs you!
Ouch! That really hurt!
You die...

.#> ....# #.#
.#.....
.#.##.# . #
##...... #.#
#
.#.#.##.#...#
#.... .
........X...#
# .###. #....
...###.... #
.#. .#.##
####.###.# #
.. #..R.§.# #
# . .
###.§##.#
##..# # #@#.#
.. . # # #
##...# .. #
.. # ..## #
.. . . ....
..... . ...#
##. .#....# .
. . ...## #.
#.# .... . .
....# . . .


You could see an efreet.

Vanquished Creatures
  2 ogres
  A centaur (D:6)
  A bullfrog (D:5)
  A crimson imp (D:6)
  A centaur zombie (D:5)
  A hound (D:3)
  3 orc priests
  A bullfrog zombie (D:5)
  4 orc wizards
  2 bullfrog skeletons
  A centaur skeleton (D:6)
  An iguana (D:5)
  2 worker ants (D:5)
  A worker ant zombie (D:5)
  3 adders
  An adder skeleton (D:4)
  A worm (D:3)
  2 dart slugs
  5 leopard geckos
  9 orcs
  2 ball pythons
  3 giant cockroaches
  5 goblins
  5 hobgoblins
  3 jackals (D:2)
  5 kobolds
  2 quokkas (D:2)
  4 bats
  4 frilled lizards
  2 giant cockroach zombies (D:5)
  A jackal skeleton (D:5)
  A quokka zombie (D:5)
  2 rats
82 creatures vanquished.

Notes
Turn   | Place    | Note
-------+----------+-------------------------------------------
     0 | D:1      | Dfrag the Deep Dwarf Necromancer began the quest for the
                  | Orb.
     0 | D:1      | Reached XP level 1. HP: 15/15 MP: 3/3
   353 | D:1      | Reached XP level 2. HP: 22/22 MP: 1/5
   818 | D:2      | Reached XP level 3. HP: 28/28 MP: 4/7
   893 | D:2      | Found a burning altar of Makhleb.
   925 | D:2      | Found a shimmering altar of Xom.
  1066 | D:2      | Became a worshipper of Makhleb the Destroyer
  1137 | D:2      | Found a stormy altar of Qazlal.
  1137 | D:2      | Found a sparkling altar of Nemelex Xobeh.
  1308 | D:2      | Found a glowing silver altar of Zin.
  1570 | D:3      | Reached skill level 5 in Necromancy
  1654 | D:3      | Reached XP level 4. HP: 27/36 MP: 4/8
  1753 | D:2      | Learned a level 3 spell: Vampiric Draining
  1911 | D:3      | Reached XP level 5. HP: 21/42 MP: 0/10
  2054 | D:3      | Found a blossoming altar of Fedhas.
  2156 | D:3      | Found a radiant altar of Vehumet.
  2216 | D:5      | Entered Level 5 of the Dungeon
  2286 | D:5      | Reached * piety under Makhleb
  2404 | D:5      | Reached XP level 6. HP: 19/49 MP: 12/12
  2664 | D:5      | Reached skill level 5 in Spellcasting
  2913 | D:5      | Identified the Tome of Battle Magic
  2985 | D:5      | Reached XP level 7. HP: 32/55 MP: 13/15
  3302 | D:4      | Reached skill level 1 in Fighting
  3840 | D:6      | Learned a level 1 spell: Sandblast
  3878 | D:6      | Cast into level 2 of the Abyss (a distortion unwield)
  3896 | Abyss:2  | Noticed a tentacled monstrosity
  3918 | Abyss:2  | Noticed an efreet
  3922 | Abyss:2  | Killed from afar by an efreet

Vault maps used:
D:1:      nicolae_arrival_washed_ashore
D:2:      grunt_temple_overflow_open, lemuel_round_altar,
          gammafunk_temple_overflow_elements, serial_curves, eino_curves_03,
          eino_curves_01
D:3:      fedhas_altar_2, fiery_altar_vehumet, serial_curves, eino_curves_03,
          eino_curves_03, first_ration
D:4:      kennysheep_six_static_rooms, minmay_temple_entry_nine_rooms,
          uniq_edmund, uniq_grinder
D:5:      serial_undead, serial_undead_c, serial_undead_a, serial_undead_e,
          serial_undead_a, serial_undead_a, serial_undead_b, serial_undead_b
D:6:      serial_shops, shop_fountains, lightli_orcish_oven

Skill      XL: |  1  2  3  4  5  6  7 |
---------------+----------------------+-----
Spellcasting   | 2 3 4 5 6 |  6.3
Necromancy     | 5 6 |  6.4
Fighting       | 2 |  2.2
Dodging        | |  2.1
Stealth        | |  2.4

Action                   |  1- 3 |  4- 6 |  7- 9 || total
-------------------------+-------+-------+-------++-------
Melee: Unarmed           |    37 |       |       ||    37
       Hand axe          |     3 |    26 |       ||    29
       War axe           |       |    29 |   133 ||   162
 Cast: Pain              |    69 |    35 |       ||   104
       Vampiric Draining |       |    20 |    13 ||    33
 Abil: Heal Wounds       |       |     4 |       ||     4
Evoke: Wand              |       |     8 |     3 ||    11
  Use: Potion            |       |     1 |       ||     1
       Scroll            |       |       |     1 ||     1
 Stab: Sleeping          |       |     2 |       ||     2
  Eat: Chunk             |     3 |     5 |     4 ||    12
Armor: Robe              |     9 |    18 |    36 ||    63
Dodge: Dodged            |    57 |    53 |   111 ||   221

Table legend:
 A = Non-vault XP
 B = Vault XP
 C = Vault XP percentage of total XP
 D = Non-vault monster count
 E = Vault monster count
 F = Vault count percentage of total count
                 A         B        C        D         E       F
            +---------+---------+-------+---------+---------+-------
      Total |    1209 |      87 |   6.7 |      77 |       5 |   6.1
            +---------+---------+-------+---------+---------+-------
        D:1 |      39 |       0 |   0.0 |      22 |       0 |   0.0
        D:2 |     119 |       0 |   0.0 |      15 |       0 |   0.0
        D:3 |      79 |       0 |   0.0 |      10 |       0 |   0.0
        D:4 |     172 |       0 |   0.0 |       5 |       0 |   0.0
        D:5 |     442 |      87 |  16.4 |      19 |       5 |  20.8
        D:6 |     358 |       0 |   0.0 |       6 |       0 |   0.0
            +---------+---------+-------+---------+---------+-------
